 Dungeon Sprint DCSS version 0.17-a0-945-g601bd79 (webtiles) character file.

6900000 ahoge the Axe Maniac (level 27, -186/323 HPs)
             Began as a Demonspawn Gladiator on May 6, 2015.
             Was the Champion of Makhleb.
             Annihilated by a sculptor of flesh
             ... wielding a +9 great sword
              (229 damage)
             ... in the Dungeon (Sprint VIII: "Arena of Blood").
             The game lasted 00:05:35 (69 turns).

ahoge the Axe Maniac (Demonspawn Gladiator)           Turns: 69, Time: 00:05:35

Health: -186/323   AC: 12    Str: 18    XL:     27
Magic:  30/54      EV: 18    Int: 11    God:    Makhleb [******]
Gold:   0          SH:  0    Dex: 23    Spells: 0 memorised, 80 levels left

rFire  + . .     SeeInvis .     l - +∞ Axe of Woe
rCold  + . .     Clarity  .     b - +0 leather armour
rNeg   . . .     SustAb   .     (no shield)
rPois  .         Gourm    .     c - +0 helmet
rElec  .         Spirit   .     (no cloak)
rCorr  .         Warding  .     (gloves unavailable)
rMut   .         NoTele   +     (no boots)
MR     ++...                    (no amulet)
Stlth  +++++++++.               (no ring)
                                (no ring)

@: marked, held, very resistant to hostile enchantments, incredibly stealthy
A: claws 3, icy blue scales 3, demonic guardian 3, fire resistance 1, ignite
blood, robust 3, flame cloud immunity
a: Minor Destruction, Lesser Servant of Makhleb, Major Destruction, Greater
Servant of Makhleb, Renounce Religion


You were in the Dungeon.
You worshipped Makhleb.
Makhleb was exalted by your worship.
You were not hungry.

You visited 1 branch

Inventory:

Hand weapons
 a - a +0 war axe
 l - the +∞ Axe of Woe (weapon)
   (You found it in the Dungeon)
Missiles
 d - 3 throwing nets (quivered)
Armour
 b - a +0 leather armour (worn)
 c - a +0 helmet (worn)
Scrolls
 k - a scroll of blinking
Potions
 f - a potion of curing
 g - a potion of heal wounds
 h - a potion of haste
 i - 2 potions of magic
 j - a potion of berserk rage
Comestibles
 e - a bread ration


   Skills:
 O Level 27 Fighting
 O Level 27 Axes
 O Level 27 Throwing
 O Level 27 Armour
 O Level 27 Dodging
 O Level 27 Stealth
 O Level 27 Unarmed Combat
 O Level 27 Spellcasting
 O Level 27 Invocations


You had 80 spell levels left.
You didn't know any spells.

Dungeon Overview and Level Annotations

Branches:
Dungeon (1/1)

Altars:
Makhleb

Annotations:
D The Captor


Innate Abilities, Weirdness & Mutations

You have claws for hands.
You are completely covered in icy blue scales (AC +4, EV -1, rC+).
A powerful demonic guardian rushes to your aid.
Your flesh is heat resistant.
Your demonic aura causes spilled blood to erupt in flames.
You are extremely robust (+30% HP).
You are immune to clouds of flame.


Message History

You hear a shout! x4
The crawling corpse is engulfed in roaring flames.
You destroy the crawling corpse!
You hear a shout!
The meat berserker is engulfed in roaring flames.
The meat berserker hits you with a +9 battleaxe.
* * * LOW HITPOINT WARNING * * *
The dread calls on the powers of darkness!
The bag of meat convulses!
You hear a shout!
The Captor convulses!
The meat berserker convulses!
You hear a shout!
The bag of meat convulses!
Your body is wracked with pain!
* * * LOW HITPOINT WARNING * * *
You hear a shout! x2
The bag of meat convulses!
The sculptor of flesh is engulfed in roaring flames.
The sculptor of flesh hits you with a +9 great sword!!!!!
Ouch! That really hurt!
You die...

.......#.... #.x.....#
...O#..%%..###)%.....###
........)%))..2.###.....
#.......#)§z).O.._......
#.....#.))Co2.#.....#...
###...%.)....#_.<._#
##..%%#§z..%..#.....#
....WWxz#o...%..._.....
...%.oo@3.......###.....
....z.@O§..###.... .o###
.............#.... ..#
...o......V..#.... ..#
....#.......... ..
...#.#.#....... ....#W#
....... ...# # .......


You could see 2 meat beasts, a destroyer, 4 sculptors of flesh, a large bag of
meat (inner flame), a soul eater, 3 dreads, The Captor, 3 meat berserkers, a
small abomination and 4 bags of meat.

Vanquished Creatures
  A hell beast (D)
  2 greater mummies (D)
  Harold (D)
  12 vampire knights (D)
  19 ogres (D)
  40 orcs (D)
  6 hill giants (D)
  2 skeletal warriors (D)
  4 large abominations (D)
  3 small abominations (D)
  A soul eater (D)
  10 crawling corpses (D)
101 creatures vanquished.

Vanquished Creatures (collateral kills)
  A small abomination (D)
  2 crawling corpses (D)
3 creatures vanquished.

Vanquished Creatures (others)
  An Executioner (D)
  A small abomination (D)
  An iron imp (D)
  A white imp (D)
  An ufetubus (D)
  2 crawling corpses (D)
7 creatures vanquished.

Grand Total: 111 creatures vanquished

Notes
Turn   | Place    | Note
--------------------------------------------------------------
     0 | D        | ahoge, the Demonspawn Gladiator, began the quest for the Orb.
     0 | D        | Reached XP level 1. HP: 16/16 MP: 1/1
     3 | D        | Noticed a bag of meat
     3 | D        | Noticed a bag of meat
     4 | D        | Became a worshipper of Makhleb the Destroyer
     6 | D        | Noticed a bag of meat
     6 | D        | Noticed a bag of meat
     6 | D        | Noticed a bag of meat
     9 | D        | Killed a bag of meat
     9 | D        | Reached skill level 10 in Fighting
     9 | D        | Reached skill level 16 in Axes
     9 | D        | Gained mutation: You have sharp fingernails. [demonic ancestry]
     9 | D        | Reached XP level 2. HP: 19/36 MP: 2/2
     9 | D        | Reached XP level 3. HP: 22/42 MP: 3/3
     9 | D        | Gained mutation: You have very sharp fingernails. [demonic ancestry]
     9 | D        | Reached XP level 4. HP: 25/49 MP: 4/4
     9 | D        | Reached XP level 5. HP: 27/54 MP: 5/5
     9 | D        | Gained mutation: You are partially covered in icy blue scales (AC +1). [demonic ancestry]
     9 | D        | Reached XP level 6. HP: 30/61 MP: 6/6
     9 | D        | Gained mutation: Your flesh is heat resistant. [demonic ancestry]
     9 | D        | Reached XP level 7. HP: 32/67 MP: 7/7
     9 | D        | Gained mutation: A weak demonic guardian rushes to your aid. [demonic ancestry]
     9 | D        | Reached XP level 8. HP: 35/74 MP: 8/8
     9 | D        | Reached XP level 9. HP: 37/79 MP: 9/9
     9 | D        | Reached XP level 10. HP: 40/86 MP: 10/10
     9 | D        | Reached XP level 11. HP: 42/92 MP: 11/11
    10 | D        | Noticed a bag of meat
    10 | D        | Noticed a bag of meat
    10 | D        | Killed a bag of meat
    10 | D        | Acquired Makhleb's first power
    10 | D        | Reached skill level 18 in Axes
    10 | D        | Reached skill level 10 in Throwing
    10 | D        | Reached XP level 12. HP: 22/103 MP: 12/12
    10 | D        | Killed a bag of meat
    10 | D        | Reached skill level 20 in Axes
    10 | D        | Gained mutation: You are mostly covered in icy blue scales (AC +3, EV -1). [demonic ancestry]
    10 | D        | Reached XP level 13. HP: 23/112 MP: 13/13
    11 | D        | Noticed a meat berserker
    11 | D        | Killed a meat berserker
    11 | D        | Acquired Makhleb's second power
    11 | D        | Reached skill level 15 in Fighting
    11 | D        | Reached skill level 22 in Axes
    11 | D        | Gained mutation: You are completely covered in icy blue scales (AC +4, EV -1, rC+). [demonic ancestry]
    11 | D        | Reached XP level 14. HP: 94/124 MP: 14/14
    12 | D        | Noticed a meat berserker
    12 | D        | Noticed a bag of meat
    12 | D        | Killed a bag of meat
    12 | D        | Reached skill level 23 in Axes
    12 | D        | Reached XP level 15. HP: 99/132 MP: 15/15
    12 | D        | Killed a bag of meat
    12 | D        | Acquired Makhleb's third power
    12 | D        | Reached skill level 24 in Axes
    13 | D        | Noticed a meat berserker
    13 | D        | Noticed a meat berserker
    15 | D        | Noticed a bag of meat
    15 | D        | Noticed a bag of meat
    15 | D        | Noticed a meat berserker
    16 | D        | Killed a meat berserker
    16 | D        | Reached skill level 26 in Axes
    16 | D        | Reached skill level 15 in Throwing
    16 | D        | Gained mutation: You have claws for hands. [demonic ancestry]
    16 | D        | Reached XP level 16. HP: 140/145 MP: 16/16
    17 | D        | Noticed a bag of meat
    17 | D        | Noticed a bag of meat
    18 | D        | Noticed a bag of meat
    18 | D        | Noticed a bag of meat
    19 | D        | Noticed a bag of meat
    20 | D        | Killed a bag of meat
    20 | D        | Reached skill level 27 in Axes
    20 | D        | Reached skill level 1 in Armour
    20 | D        | Killed a meat berserker
    20 | D        | Acquired Makhleb's fourth power
    20 | D        | Reached skill level 5 in Armour
    20 | D        | Reached skill level 27 in Dodging
    20 | D        | Reached XP level 17. HP: 85/162 MP: 17/17
    21 | D        | Noticed a meat berserker
    21 | D        | Noticed a bag of meat
    21 | D        | Noticed a bag of meat
    22 | D        | Noticed a large bag of meat
    22 | D        | Noticed a bag of meat
    22 | D        | Noticed a meat berserker
    23 | D        | Noticed a destroyer
    23 | D        | Killed a bag of meat
    23 | D        | Killed a meat berserker
    23 | D        | Reached skill level 27 in Fighting
    23 | D        | Killed a meat berserker
    23 | D        | Acquired Makhleb's fifth power
    23 | D        | Reached XP level 18. HP: 182/182 MP: 18/18
    24 | D        | Noticed a large bag of meat
    24 | D        | Noticed a bag of meat
    24 | D        | Killed a bag of meat
    24 | D        | Reached skill level 27 in Throwing
    25 | D        | Noticed a meat berserker
    25 | D        | Noticed a meat berserker
    25 | D        | Killed a bag of meat
    25 | D        | Killed a meat berserker
    25 | D        | Gained mutation: You are immune to clouds of flame. [demonic ancestry]
    25 | D        | Reached XP level 19. HP: 189/189 MP: 19/19
    26 | D        | Killed a bag of meat
    26 | D        | Noticed a destroyer
    27 | D        | Noticed a bag of meat
    27 | D        | Noticed a meat berserker
    27 | D        | Killed a bag of meat
    27 | D        | Reached skill level 27 in Armour
    27 | D        | Killed a bag of meat
    27 | D        | Killed a meat berserker
    27 | D        | Reached skill level 15 in Invocations
    27 | D        | Gained mutation: You are robust (+10% HP). [demonic ancestry]
    27 | D        | Reached XP level 20. HP: 189/216 MP: 19/35
    28 | D        | Noticed a large bag of meat
    28 | D        | Killed a bag of meat
    28 | D        | Killed a bag of meat
    28 | D        | Reached skill level 15 in Stealth
    28 | D        | Killed a bag of meat
    28 | D        | Reached skill level 15 in Unarmed Combat
    28 | D        | Reached skill level 15 in Spellcasting
    29 | D        | Noticed a bag of meat
    29 | D        | Noticed a destroyer
    29 | D        | Killed a large bag of meat
    29 | D        | Killed a bag of meat
    30 | D        | Noticed a bag of meat
    30 | D        | Noticed a destroyer
    30 | D        | Noticed a bag of meat
    30 | D        | Noticed a bag of meat
    30 | D        | Noticed a bag of meat
    30 | D        | Killed a bag of meat
    30 | D        | Gained mutation: Your demonic aura causes spilled blood to erupt in flames. [demonic ancestry]
    30 | D        | Reached XP level 21. HP: 224/224 MP: 19/43
    30 | D        | Killed a bag of meat
    31 | D        | Noticed a meat berserker
    31 | D        | Killed a destroyer
    31 | D        | Reached skill level 27 in Invocations
    31 | D        | Killed a meat berserker
    31 | D        | Killed a meat berserker
    31 | D        | Reached XP level 22. HP: 233/233 MP: 19/50
    31 | D        | Noticed a large bag of meat
    31 | D        | Noticed a bag of meat
    31 | D        | Noticed a large bag of meat
    33 | D        | Noticed a bag of meat
    33 | D        | Killed a destroyer
    33 | D        | Reached skill level 27 in Stealth
    33 | D        | Reached skill level 27 in Unarmed Combat
    33 | D        | Reached skill level 27 in Spellcasting
    33 | D        | Killed a meat berserker
    33 | D        | Killed a bag of meat
    33 | D        | Gained mutation: A demonic guardian rushes to your aid. [demonic ancestry]
    33 | D        | Reached XP level 23. HP: 240/240 MP: 20/54
    34 | D        | Noticed a bag of meat
    34 | D        | Noticed a bag of meat
    34 | D        | Noticed a bag of meat
    34 | D        | Noticed a destroyer
    34 | D        | Noticed a large bag of meat
    34 | D        | Killed a large bag of meat
    35 | D        | Noticed a bag of meat
    35 | D        | Noticed a bag of meat
    35 | D        | Noticed a bag of meat
    35 | D        | Killed a destroyer
    36 | D        | Noticed a bag of meat
    36 | D        | Noticed a bag of meat
    36 | D        | Killed a destroyer
    36 | D        | Killed a destroyer
    36 | D        | Gained mutation: A powerful demonic guardian rushes to your aid. [demonic ancestry]
    36 | D        | Reached XP level 24. HP: 249/249 MP: 21/54
    37 | D        | Noticed a bag of meat
    37 | D        | Killed a bag of meat
    37 | D        | Killed a bag of meat
    37 | D        | Killed a large bag of meat
    37 | D        | Killed a meat berserker
    38 | D        | Noticed a bag of meat
    38 | D        | Noticed a sculptor of flesh
    38 | D        | Noticed a bag of meat
    38 | D        | Noticed a meat berserker
    38 | D        | Killed a bag of meat
    39 | D        | Noticed a destroyer
    39 | D        | Noticed a destroyer
    39 | D        | Killed a bag of meat
    39 | D        | Killed a bag of meat
    39 | D        | Reached XP level 25. HP: 257/257 MP: 21/54
    39 | D        | Killed a bag of meat
    40 | D        | Noticed a sculptor of flesh
    41 | D        | Noticed a destroyer
    41 | D        | Noticed a meat berserker
    41 | D        | Killed a destroyer
    42 | D        | Noticed a meat berserker
    42 | D        | Killed a bag of meat
    42 | D        | Killed a large bag of meat
    43 | D        | Noticed a destroyer
    43 | D        | Killed a bag of meat
    43 | D        | Killed a bag of meat
    43 | D        | Killed a bag of meat
    43 | D        | Killed a meat berserker
    43 | D        | Gained mutation: You are very robust (+20% HP). [demonic ancestry]
    43 | D        | Reached XP level 26. HP: 257/290 MP: 22/54
    44 | D        | Noticed The Servant
    44 | D        | Killed a large bag of meat
    44 | D        | Killed a bag of meat
    44 | D        | Killed a destroyer
    44 | D        | Killed a destroyer
    45 | D        | Noticed a destroyer
    45 | D        | Noticed a destroyer
    45 | D        | Killed a bag of meat
    45 | D        | Killed a bag of meat
    45 | D        | Gained mutation: You are extremely robust (+30% HP). [demonic ancestry]
    45 | D        | Reached XP level 27. HP: 290/323 MP: 23/54
    46 | D        | Noticed a meat berserker
    46 | D        | Killed a meat berserker
    47 | D        | Noticed a sculptor of flesh
    47 | D        | Noticed a meat berserker
    47 | D        | Killed a bag of meat
    47 | D        | Killed a bag of meat
    47 | D        | Killed a meat berserker
    48 | D        | Noticed a sculptor of flesh
    48 | D        | Killed a bag of meat
    48 | D        | Killed a destroyer
    48 | D        | Killed a meat berserker
    49 | D        | Noticed a bag of meat
    49 | D        | Killed a sculptor of flesh
    49 | D        | Killed a bag of meat
    50 | D        | Noticed an accursed
    50 | D        | Killed a large bag of meat
    50 | D        | Killed a bag of meat
    51 | D        | Noticed a meat berserker
    52 | D        | Noticed a sculptor of flesh
    52 | D        | Noticed a meat berserker
    52 | D        | Killed a bag of meat
    52 | D        | Killed a meat berserker
    53 | D        | Noticed a large bag of meat
    54 | D        | Noticed a bag of meat
    54 | D        | Noticed a meat berserker
    54 | D        | Killed a meat berserker
    54 | D        | Killed an accursed
    54 | D        | Killed a sculptor of flesh
    56 | D        | Killed The Servant
    56 | D        | Killed a meat berserker
    57 | D        | Killed a destroyer
    58 | D        | Noticed a destroyer
    58 | D        | Noticed an accursed
    59 | D        | Killed a meat berserker
    60 | D        | Noticed a meat beast
    61 | D        | Noticed a dread
    61 | D        | Noticed a bag of meat
    61 | D        | Noticed a bag of meat
    61 | D        | Killed a destroyer
    61 | D        | Killed a meat beast
    62 | D        | Noticed a bag of meat
    62 | D        | Noticed The Captor
    63 | D        | Noticed a dread
    63 | D        | Killed a destroyer
    64 | D        | Noticed a bag of meat
    64 | D        | Noticed a meat berserker
    65 | D        | Noticed a sculptor of flesh
    65 | D        | Noticed a meat beast
    65 | D        | Noticed a meat berserker
    65 | D        | Noticed a bag of meat
    66 | D        | Killed a bag of meat
    67 | D        | Noticed a bag of meat
    67 | D        | Killed a bag of meat
    67 | D        | Killed an accursed
    68 | D        | Noticed a destroyer
    69 | D        | Noticed a dread
    69 | D        | Annihilated by a sculptor of flesh

Action                   |  1- 3 |  4- 6 |  7- 9 | 10-12 | 13-15 | 16-18 | 19-21 | 22-24 | 25-27 || total
-------------------------+-------+-------+-------+-------+-------+-------+-------+-------+-------++-------
Melee: Executioner's axe |     1 |       |       |     1 |     3 |     4 |     6 |     6 |    19 ||    40
 Stab: Distracted        |       |       |       |       |       |       |       |       |     1 ||     1
